 Dungeon Crawl Stone Soup version 0.28.0-49-g6dfe1f597d (webtiles) character file.

Game seed: 7667307028454131191

85 acdeimund the Magician (level 4, -4/36 HPs)
             Began as a Deep Elf Fire Elementalist on May 17, 2022.
             Was an Initiate of Vehumet.
             Slain by Terence
             ... wielding a +2 flail of protection
              (7 damage)
             ... on level 2 of the Dungeon.
             The game lasted 00:09:50 (2409 turns).

acdeimund the Magician (Deep Elf Fire Elementalist) Turns: 2409, Time: 00:09:51

Health: -4/36      AC: 22    Str:  5    XL:     4   Next: 25%
Magic:  3/12       EV:  2    Int: 22    God:    Vehumet [......]
Gold:   25         SH:  0    Dex: 15    Spells: 1/11 levels left

rFire   . . .      SeeInvis .   b - +0 dagger
rCold   . . .      Faith    .   (no shield)
rNeg    . . .      Spirit   .   (armour currently unavailable)
rPois   +          Reflect  .   (helmet currently unavailable)
rElec   .          Harm     .   (cloak currently unavailable)
rCorr   .          Rampage  .   (gloves currently unavailable)
Will    .....      NoTele   +   (boots currently unavailable)
Stlth   ++........              (no amulet)
HPRegen 0.12/turn               g - ring of flight
MPRegen 0.13/turn               (no ring)

@: tree-form
A: stationary, stasis, torment immunity, boosted hp
a: Renounce Religion


You were on level 2 of the Dungeon.
You worshipped Vehumet.
Vehumet was noncommittal.
You were a tree.
You visited 1 branch of the dungeon, and saw 3 of its levels.

You collected 67 gold pieces.
You spent 42 gold pieces at shops.

Inventory:

Hand Weapons
 b - a +0 dagger (weapon)
Armour
 a - a +0 robe (melded)
Jewellery
 g - a ring of flight (left branch)
Scrolls
 e - a scroll of identify
Potions
 c - a potion of attraction


   Skills:
 + Level 0.8 Fighting
 + Level 2.8 Dodging
 + Level 2.9 Stealth
 * Level 4.0 Spellcasting
 * Level 2.1 Conjurations
 * Level 3.9 Fire Magic


You had one spell level left.
You knew the following spells:

 Your Spells              Type           Power      Damage    Failure   Level
a - Foxfire               Conj/Fire      72%        2x1d7     3%          1
b - Scorch                Fire           44%        2d7       3%          2
c - Conjure Flame         Conj/Fire      18%        6-21      10%         3
d - Flame Wave            Conj/Fire      18%        2d6       30%         4

Your spell library contained the following spells:

 Spells                   Type           Power      Damage    Failure   Level
 Inner Flame              Hex/Fire       13%        N/A       14%         3


Dungeon Overview and Level Annotations

Branches:
Dungeon (3/15)

Altars:
Vehumet

Shops:
D:1 (   D:3 *(:

Annotations:
D:2 Terence


Message History

Confirm with . or Enter, or press ? or * to list all spells.
Flames lash Terence.
Terence is burned terribly!
Terence is almost dead.
Terence hits you with a +2 flail of protection.
You hit Terence but do no damage.
Terence is almost dead.
Terence hits you with a +2 flail of protection.
You barely miss Terence.
Terence is almost dead.
Terence hits you but does no damage.
You hit Terence but do no damage.
Terence is almost dead.
Terence screams, "I'm going to kill you!"
Terence hits you but does no damage.
You barely miss Terence.
Terence is almost dead.
Terence hits you but does no damage.
You hit Terence but do no damage.
Terence is almost dead.
Terence hits you with a +2 flail of protection.
You hit Terence.
Terence is almost dead.
Terence hits you with a +2 flail of protection!
* * * LOW HITPOINT WARNING * * *
You completely miss Terence.
Terence is almost dead.
Terence hits you with a +2 flail of protection.
* * * LOW HITPOINT WARNING * * *
You hit Terence but do no damage.
Terence is almost dead.
Terence is no longer more vulnerable to fire.
Terence hits you with a +2 flail of protection.
* * * LOW HITPOINT WARNING * * *
You feel better.
Terence hits you with a +2 flail of protection.
* * * LOW HITPOINT WARNING * * *
You completely miss Terence.
Terence is almost dead.
Terence hits you with a +2 flail of protection!
You die...

#........# ######...#.#
#.## #..#..##.# ##.##.#
#.## ..##.#.#.# #.##.##
#.## #.#.###..#
##.#...###.## #.##.#.#.#
######....#.......
......##.#
#............###..
..##.###.#
#.####...#.#.#.##. #.##.#
#.# #.# #####.#.##.##
.....# #.# #♣# #.#..##..
#.#### #.# #@# #.#...#..
..######.# #.# #.#......
.........# #.# #...##..#
########## #.# #...##### #
#.# #.#...... # #.#
#.###..#.
################.# #.#
#....
...........>.....########.#
#....


You could see Terence.

Vanquished Creatures
  2 adders (D:2)
  2 worms (D:2)
  A dart slug (D:3)
  6 ball pythons
  4 bats
  7 endoplasms
  A giant cockroach (D:2)
  8 goblins
  5 hobgoblins
  4 jackals (D:2)
  2 kobolds
  3 quokkas
  4 frilled lizards
  4 rats
53 creatures vanquished.

Vanquished Creatures (others)
  138 foxfires
138 creatures vanquished.

Grand Total: 191 creatures vanquished

Notes
Turn   | Place    | Note
-------+----------+-------------------------------------------
     0 | D:1      | acdeimund the Deep Elf Fire Elementalist began the quest
                  | for the Orb.
     0 | D:1      | Reached XP level 1. HP: 10/10 MP: 6/6
   196 | D:1      | Found a faded altar of an unknown god.
   278 | D:1      | Found Cikophil's Antique Weapon Emporium.
   296 | D:1      | Reached XP level 2. HP: 15/15 MP: 6/8
  1035 | D:2      | Reached XP level 3. HP: 17/20 MP: 7/10
  1038 | D:2      | Learned a level 2 spell: Scorch
  1042 | D:2      | Learned a level 3 spell: Conjure Flame
  1729 | D:2      | Reached XP level 4. HP: 18/24 MP: 7/11
  1747 | D:2      | Reached skill level 4 in Spellcasting
  2180 | D:3      | Found a radiant altar of Vehumet.
  2203 | D:3      | Became a worshipper of Vehumet
  2233 | D:3      | Found Riqur's General Store.
  2240 | D:3      | Bought a potion of curing for 42 gold pieces
  2280 | D:3      | Learned a level 4 spell: Flame Wave
  2324 | D:3      | Found Valeexke's Antique Weapon Shoppe.
  2367 | D:3      | Found Jefuock's Book Boutique.
  2384 | D:3      | Noticed Terence
  2407 | D:2      | HP: 1/36 [Terence/+2 flail of protection (2)]
  2409 | D:2      | Slain by Terence

Illustrated notes

Levels and vault maps discovered:
D:1:      ncdulo_lavacross, layout_loops_ring, serial_shops, nicolae_shop_trees,
          hellmonk_ecumenical_altar_arch_garden, minmay_misc_feat_cross,
          eino_curves_04
D:2:      layout_loops_ring, minmay_cupped
D:3:      layout_loops_cross, nicolae_vehumet_altar_sigil, serial_shops,
          shop_fountains, nicolae_square_shop, shop_fountains,
          nicolae_shop_crystal, uniq_terence

Skill      XL: |  1  2  3  4 |
---------------+-------------+-----
Conjurations   | 2 |  2.1
Spellcasting   | 4 |  4.0
Fighting       | |  0.8
Dodging        | |  2.8
Stealth        | |  2.9
Fire Magic     | |  3.9

Action                   |  1- 3 |  4- 6 || total
-------------------------+-------+-------++-------
Melee: Unarmed           |     1 |       ||     1
       Dagger            |     2 |     9 ||    11
 Cast: Foxfire           |    67 |    22 ||    89
       Scorch            |       |     6 ||     6
  Use: Scroll            |       |     3 ||     3
       Potion            |       |     2 ||     2
Armor: Robe              |     1 |       ||     1
       Skin              |       |     4 ||     4
Dodge: Dodged            |     8 |     7 ||    15
